 Dungeon Crawl Stone Soup version 0.27.1-2-g3b301248ec (webtiles) character file.

Game seed: 4872690140538409771

0 nxtlvl the Firebug (level 1, 3/13 HPs)
             Began as a Formicid Fire Elementalist on Sept 23, 2021.
             Got out of the dungeon alive.
             The game lasted 00:00:29 (46 turns).

nxtlvl the Firebug (Formicid Fire Elementalist)       Turns: 46, Time: 00:00:29

Health: 3/13       AC:  2    Str: 12    XL:     1   Next: 0%
Magic:  1/3        EV: 12    Int: 14    God:
Gold:   0          SH:  0    Dex: 11    Spells: 3/4 levels left

rFire    . . .     SeeInvis +   (no weapon)
rCold    . . .     Faith    .   (no shield)
rNeg     . . .     Spirit   .   a - +0 robe
rPois    .         Reflect  .   (helmet unavailable)
rElec    .         Harm     .   (no cloak)
rCorr    .         Rampage  .   (no gloves)
Will     .....                  (no boots)
Stlth    ++........             (no amulet)
HPRegen  0.04/turn              (no ring)
MPRegen  0.08/turn              (no ring)

@: no status effects
A: permanent stasis, dig shafts and tunnels, antennae 3, four strong arms
a: Dig, Shaft Self


You escaped.
You visited 1 branch of the dungeon, and saw 2 of its levels.

Inventory:

Armour
 a - a +0 robe (worn)


   Skills:
 - Level 1.7 Dodging
 - Level 2.4 Stealth
 + Level 2.1 Spellcasting
 * Level 0.8 Conjurations
 * Level 3.0 Fire Magic


You had 3 spell levels left.
You knew the following spells:

 Your Spells              Type           Power      Damage    Failure   Level
z - Foxfire               Conj/Fire      24%        2x1d5     11%         1

Your spell library contained the following spells:

 Spells                   Type           Power      Damage    Failure   Level
 Conjure Flame            Conj/Fire      6%         6-21      32%         3
 Inner Flame              Hex/Fire       5%         N/A       36%         3
 Sticky Flame             Conj/Fire      6%         2d3       71%         4
 Fireball                 Conj/Fire      3%         3d4       96%         5


Dungeon Overview and Level Annotations

Branches:
Dungeon (2/15)

Altars:


Innate Abilities, Weirdness & Mutations

You cannot be hasted, slowed, berserked, paralysed or teleported.
You can dig through walls and to a lower floor.
You have a pair of large antennae on your head. (SInv)
Your four strong arms can wield two-handed weapons with a shield.


Message History

Unknown command.
The foxfire hits the jackal.
The jackal is severely wounded.
The foxfire hits the jackal.
The jackal is almost dead.
The jackal bites you but does no damage.
The jackal closely misses you.
There is an open door here.
You barely miss the jackal.
The jackal is almost dead.
The jackal bites you.
You hit the jackal but do no damage.
The jackal is almost dead.
The jackal bites you.
Your magical contamination has completely faded away.
You barely miss the jackal. The jackal barely misses you.
You closely miss the jackal.
The jackal bites you but does no damage.
You barely miss the jackal.
The jackal bites you but does no damage.
The jackal bites you.
You closely miss the jackal. The jackal bites you.
You hit the jackal but do no damage. The jackal misses you.
You closely miss the jackal. The jackal closely misses you. x2
You hit the jackal but do no damage. The jackal bites you.
You hit the jackal.
The jackal is moderately wounded.
The jackal bites you.
* * * LOW HITPOINT WARNING * * *
The jackal closely misses you.
You hit the jackal.
The jackal is severely wounded.
The jackal bites you but does no damage.
The jackal misses you.
The jackal bites you but does no damage.
There is a staircase leading out of the dungeon here.
Are you sure you want to leave the Dungeon?
This will make you lose the game! The jackal completely misses you.
The jackal bites you but does no damage.
You have escaped!

########...........
..........#..#....
############.######
##○○☼≈#'#≈○§○##
#☼°≈○≈#h#≈○°○≈#
#☼≈°≈≈#h#○○○○≈#
#≈≈#≈≈#h#○≈#≈☼#
#≈○○○○#h#°§°°≈#
#§☼≈≈○#@#○°☼☼≈#
#≈○○☼○#.#≈○☼☼☼#
#○○°○ #.# °§○§#
#§☼#○≈#.#☼≈#≈≈# #○☼
○°#.#≈° ○≈#
○○☼#+#≈≈≈ #### ####


You could see 4 jackals.

Vanquished Creatures (others)
  4 foxfires (D:1)
4 creatures vanquished.

Notes
Turn   | Place    | Note
-------+----------+-------------------------------------------
     0 | D:1      | nxtlvl the Formicid Fire Elementalist began the quest for
                  | the Orb.
     0 | D:1      | Reached XP level 1. HP: 13/13 MP: 3/3
    46 | D:$      | Got out of the dungeon alive.

Illustrated notes

Levels and vault maps discovered:
D:1:      saegor_arrival_miasma, layout_basic,
          ebering_ecumenical_altar_abandoned
D:2:      layout_basic

Action                   || total
-------------------------++-------
Melee: Unarmed           ||    11
 Cast: Foxfire           ||     2
 Abil: Dig               ||     1
Armor: Robe              ||     7
Dodge: Dodged            ||     9
